 Dungeon Crawl Stone Soup version 0.16.1-51-g6203257 (webtiles) character file.

247387 hannobal the Bludgeoner (level 20, -19/162 HPs)
             Began as a Human Wanderer on July 14, 2015.
             Was the Champion of Ashenzari.
             Demolished by a freezing wraith (21 damage)
             ... on level 1 of the Vaults on July 15, 2015.
             The game lasted 04:20:59 (49407 turns).

hannobal the Bludgeoner (Human Wanderer)           Turns: 49407, Time: 04:20:59

Health: -19/162    AC: 30    Str: 26    XL:     20   Next: 80%
Magic:  31/31      EV: 19    Int: 11    God:    Ashenzari [******]
Gold:   577        SH:  0    Dex: 16    Spells: 5 memorised, 16 levels left

rFire  . . .     SeeInvis +     a - +1 great mace "Coav" {venom, rN+} (curse)
rCold  . . .     Clarity  +     p - +2 plate armour {rPois} (curse)
rNeg   + . .     SustAb   .     (no shield)
rPois  +         Gourm    .     d - +2 hat (curse)
rElec  .         Spirit   .     J - +0 cloak (curse)
rCorr  .         Warding  .     x - +2 pair of gloves (curse)
rMut   .         Stasis   .     t - +0 pair of boots (curse)
MR     +....                    R - amulet of regeneration
Stlth  ..........               m - +4 ring of evasion
                                k - +6 ring of strength

@: about to teleport, somewhat resistant to hostile enchantments, extremely
unstealthy
A: no striking features
a: Scrying, Transfer Knowledge, Renounce Religion
}: 1/15 runes: serpentine


You were on level 1 of the Vaults.
You worshipped Ashenzari.
Ashenzari was exalted by your worship.
You were not hungry.

You visited 7 branches of the dungeon, and saw 37 of its levels.
You visited 1 bazaar.
You also visited: Ice Cave.

You collected 3399 gold pieces.
You spent 2822 gold pieces at shops.

Inventory:

Hand weapons
 a - the cursed +1 great mace "Coav" (weapon) {venom, rN+}
   (You acquired it on level 10 of the Dungeon)

   It poisons the flesh of those it strikes.
   It protects you from negative energy.
   It has a curse placed upon it.
 j - a +0 blowgun
Missiles
 s - 5 curare-tipped needles
 z - 55 tomahawks
 N - 3 javelins (quivered)
 T - 2 throwing nets
 U - 3 steel tomahawks
Armour
 d - a cursed +2 hat (worn)
 p - a cursed +2 plate armour of poison resistance (worn)
 t - a cursed +0 pair of boots (worn)
 x - a cursed +2 pair of gloves (worn)
 J - a cursed +0 cloak (worn)
Jewellery
 b - an uncursed ring of protection from fire
 c - an uncursed amulet of resist mutation
 k - a +6 ring of strength (left hand)
 m - a +4 ring of evasion (right hand)
 H - an uncursed ring of flight
 M - the ring "Wauzeo Vali" {rC++ AC-2}
   (You found it on level 5 of the Dungeon)

   [ring of protection]

   It affects your AC (-2).
   It greatly protects you from cold.
 R - an amulet of regeneration (around neck)
 S - an uncursed ring of invisibility
 Z - an uncursed ring of teleport control
Magical devices
 e - a wand of disintegration (10)
 l - a wand of digging (4)
 O - a wand of paralysis (9)
Scrolls
 g - 2 scrolls of summoning
 i - 12 scrolls of identify
 r - 5 scrolls of remove curse
 I - 3 scrolls of fog
 Q - 5 scrolls of teleportation
 W - 5 scrolls of magic mapping
 Y - 5 scrolls of fear
Potions
 v - 3 potions of might
 D - a potion of berserk rage
 E - 3 potions of cancellation
 K - 4 potions of curing
 P - 3 potions of agility
 V - 4 potions of resistance
Miscellaneous
 f - a phantom mirror
 C - a box of beasts {used: 5}
 G - a lamp of fire
Comestibles
 h - 22 meat rations
 n - a chunk of flesh
 X - 15 bread rations


   Skills:
 - Level 15.0 Fighting
 - Level 16.2(21.3) Maces & Flails
   Level 2.0(11.1) Staves
   Level 1.0(9.1) Slings
 + Level 13.6 Throwing
 - Level 14.0(19.3) Armour
 - Level 12.0 Dodging
 - Level 6.1 Spellcasting
   Level 1.0 Conjurations
 - Level 1.1 Charms
 - Level 11.0 Necromancy
   Level 1.0 Poison Magic
 - Level 5.2 Evocations


You had 16 spell levels left.
You knew the following spells:

 Your Spells              Type           Power        Failure   Level  Hunger
a - Animate Dead          Necr           N/A          12%         4    ####...
c - Control Undead        Necr           ####......   12%         4    ####...
d - Vampiric Draining     Necr           ####......   3%          3    ###....
r - Regeneration          Chrm/Necr      ###.......   24%         3    ###....
z - Animate Skeleton      Necr           N/A          1%          1    None


Dungeon Overview and Level Annotations

Branches:
Dungeon (15/15)            Temple (1/1) D:7            Lair (8/8) D:11
 Shoals (3/5) Lair:4        Snake (5/5) Lair:3        Slime (0/6) Lair:6
    Orc (4/4) D:9             Elf (0/3) Orc:3        Vaults (1/5) D:13
 Depths (0/5) D:15

Altars:
Ashenzari
Cheibriados
Dithmenos
Elyvilon
Fedhas
Gozag
Kikubaaqudgha
Makhleb
Nemelex Xobeh
Okawaru
Qazlal
Ru
Sif Muna
Trog
Vehumet
Xom
Yredelemnul
Zin
The Shining One
Beogh
Jiyva

Shops:
D:4 (   Orc:1 [   Orc:2 }   Orc:3 *   Orc:4 [[([   Snake:4 }*%[   Snake:5 [

Annotations:
Lair:3 exclusion: downstairs
Shoals:3 Mara!, Mara
Snake:4 exclusion: 2 upstairs, Roxanne
Orc:2 exclusion: upstairs


Message History

* * * LOW HITPOINT WARNING * * *
The ironbrand convoker hits you but does no damage.
Cornered, the ogre turns to fight!
The vault warden activates a sealing rune. x2
A door slams shut!
The freezing wraith hits you!
* * * LOW HITPOINT WARNING * * *
The freezing wraith freezes you!
* * * LOW HITPOINT WARNING * * *
The freezing wraith barely misses you.
Read which item? (? for menu, Esc to quit)
As you read the scroll of teleportation, it crumbles to dust.
You feel strangely unstable.
The runic seal fades away.
An orc knight opens the door.
The great orb of eyes bites you but does no damage.
The vault warden activates a sealing rune.
The ironbrand convoker closely misses you.
The freezing wraith hits you!
* * * LOW HITPOINT WARNING * * *
The freezing wraith freezes you!!
You die...

#......# #...)...# #......#
#.8...8.# #......# ###8(8###
#......# #...# #..>...#
##''### ** #......# #......
#...Z..###########...... *
#####+###..+..'..'...... ,
#...cp@#..+..'..#...... , *
#...pWG+..####''#...... ,, *
#c.....#..# #..#...... ,,,
#..)...#..# #..+...... ,,,*
#..)O.p#++####''##'#### ** *
#co..(.#........+......
######C######........#......
#......# ##########......
#......#* * * ***#......


You could see a vault warden, a vault guard, an orc knight (fleeing), a great
orb of eyes, a cyclops (fleeing), an ironbrand convoker, 3 yaktaurs, a freezing
wraith and an ogre.

Vanquished Creatures
  Saint Roka (Shoals:2)
  Vashnia (Snake:2)
  Polyphemus (Shoals:3)
  Kirke (Snake:2)
  Donald (Shoals:3)
  9 greater nagas
  An orc warlord (Orc:4)
  A vault warden (Vaults:1)
  Gastronok (Lair:3)
  An ironheart preserver (Vaults:1)
  A very ugly thing (D:14)
  2 merfolk impalers
  A yaktaur captain (Vaults:1)
  The ghost of Thomus the Cleaver, a powerful HOFi of Okawaru (Orc:1)
  7 hydras
  13 naga warriors
  Nessos (Shoals:2)
  2 merfolk aquamancers (Shoals:1)
  5 catoblepae
  2 merfolk avatars (Shoals:1)
  An alligator snapping turtle (Shoals:2)
  2 centaur warriors
  6 anacondas
  17 death yaks
  17 naga sharpshooters
  4 tengu warriors
  An orc high priest (Orc:4)
  Urug (D:13)
  8 shock serpents
  A skeletal warrior (D:13)
  2 salamander mystics
  A giant orange brain (Vaults:1)
  An unseen horror (D:10)
  12 sea snakes
  2 ice devils (IceCv)
  2 ice statues (IceCv)
  7 naga ritualists
  5 hill giants
  12 orc knights
  An ugly thing zombie (D:15)
  4 manticores
  2 orc sorcerers (Orc:3)
  2 wolf spiders
  10 ugly things
  An oklob plant (Lair:1)
  5 griffons
  The ghost of Razmath the Thaumaturge, an experienced DgCj (D:7)
  2 fauns (Shoals:3)
  7 mana vipers
  11 salamanders
  32 black mambas
  5 cyclopes
  25 elephants
  7 guardian serpents
  2 water nymphs (Shoals:1)
  7 sirens
  A guardian serpent (shapeshifter) (D:15)
  2 gargoyles
  2 kobold demonologists (D:14)
  19 naga magi
  A torpor snail (Lair:8)
  15 spiny frogs
  2 fire drakes
  12 komodo dragons
  A queen bee (D:10)
  2 tengu conjurers
  7 blue devils (IceCv)
  A yaktaur (shapeshifter) (D:15)
  16 blink frogs
  A polar bear (shapeshifter) (D:15)
  11 merfolk
  Sonja (D:12)
  A wind drake (Shoals:1)
  3 two-headed ogres
  17 ravens
  4 trolls
  4 slime creatures (D:15)
  3 snapping turtles
  A raiju (shapeshifter) (D:15)
  2 basilisks
  The ghost of raikaria the Quickloader, an average TeHu (D:4)
  A trapdoor spider (shapeshifter) (D:15)
  41 yaks
  2 shadows
  A spriggan (shapeshifter) (D:15)
  3 deep elf magi
  A wraith (D:10)
  2 trapdoor spiders (D:13)
  2 hungry ghosts
  A hog (Snake:2)
  7 water elementals
  11 hippogriffs
  16 humans
  A steam dragon (D:14)
  4 vampire mosquitoes (D:14)
  2 mottled dragons
  5 wargs
  A mottled dragon (shapeshifter) (D:15)
  63 nagas
  Menkaure (D:5)
  4 wolves
  34 orc warriors
  A wasp (Lair:5)
  8 porcupines
  27 water moccasins
  2 black bears
  3 phantoms
  An eye of draining (D:8)
  An orc zombie (Orc:3)
  7 ice beasts
  2 necrophages
  2 sky beasts
  5 boggarts (D:15)
  A boring beetle (Lair:8)
  18 centaurs
  Duvessa (D:8)
  15 crocodiles
  12 ogres
  Blork the orc (D:5)
  22 giant frogs
  4 big kobolds
  4 wyvern skeletons
  3 scorpions
  4 jellies
  17 killer bees (D:10)
  9 wights
  10 electric eels
  Dowan (D:8)
  3 giant frog zombies
  14 hounds
  2 goliath beetles
  3 centaur zombies
  8 crimson imps
  10 iguanas
  24 orc priests
  4 centaur skeletons
  3 giant frog skeletons
  38 orc wizards
  5 worker ants
  Natasha (thrice) (D:6)
  24 sheep
  A hound zombie (D:5)
  A mummy (D:12)
  38 adders
  10 gnolls
  51 river rats
  6 shadow imps
  5 giant mites
  A worm (D:2)
  5 white imps (IceCv)
  7 ufetubi (IceCv)
  4 adder zombies
  3 adder skeletons
  2 giant geckos
  210 orcs
  A ball python (D:4)
  12 bats
  6 giant cockroaches
  13 goblins
  19 hobgoblins
  10 jackals
  8 quokkas
  A giant gecko zombie (D:6)
  4 giant newts
  2 giant spores (D:10)
  25 kobolds
  A quokka zombie (D:8)
  11 rats
  9 ballistomycetes
  A plant (Shoals:1)
1401 creatures vanquished.

Vanquished Creatures (collateral kills)
  3 greater nagas (Snake:5)
  2 naga warriors
  A merfolk avatar (Shoals:2)
  3 death yaks (Shoals:2)
  2 anacondas (Snake:5)
  3 naga sharpshooters (Snake:5)
  3 sea snakes (Snake:5)
  2 mana vipers (Snake:5)
  2 water nymphs (Shoals:3)
  A griffon (Shoals:1)
  A manticore (Shoals:2)
  A guardian serpent (Snake:5)
  3 fauns (Shoals:2)
  A siren (Shoals:1)
  4 naga magi
  2 merfolk
  A griffon zombie (Shoals:2)
  A snapping turtle (Shoals:1)
  A hippogriff (Shoals:2)
  10 nagas
  A warg (Shoals:2)
  An orc priest (Shoals:2)
  2 orcs (Shoals:2)
  6 plants
57 creatures vanquished.

Vanquished Creatures (others)
  A naga ritualist (Snake:5)
  An anaconda skeleton (Snake:5)
  20 drowned souls
  2 shock serpent skeletons (Snake:5)
  2 sea snake zombies (Snake:5)
  A tengu conjurer (D:14)
  A human skeleton (Shoals:3)
  A yaktaur skeleton (Vaults:1)
  4 chimeras (Snake:5)
  2 black mamba skeletons
  A guardian serpent skeleton (Snake:5)
  5 humans (Snake:2)
  3 fulminant prisms (D:7)
  A merfolk zombie (Shoals:1)
  2 salamander skeletons (Snake:5)
  A merfolk skeleton (Shoals:2)
  8 naga zombies (Snake:5)
  A porcupine skeleton (Shoals:1)
  12 naga skeletons
  A white imp (IceCv)
  4 ufetubi (IceCv)
  2 giant spores
  An orc zombie (Shoals:2)
  A bush (Lair:8)
  25 fungi
  38 plants
141 creatures vanquished.

Grand Total: 1599 creatures vanquished

Notes
Turn   | Place    | Note
--------------------------------------------------------------
     0 | D:1      | hannobal, the Human Wanderer, began the quest for the Orb.
     0 | D:1      | hannobal set off with: a wand of magic darts (15), a +0 short sword, the Compendium of Conjuration, a +0 robe, a bread ration
     0 | D:1      | Reached XP level 1. HP: 15/15 MP: 1/1
     0 | D:1      | Identified the Compendium of Conjuration
    99 | D:1      | Found a shattered altar of Ashenzari.
   144 | D:1      | Became a worshipper of Ashenzari the Shackled
   320 | D:1      | Reached XP level 2. HP: 21/21 MP: 2/2
   391 | D:1      | Reached skill level 1 in Slings
   404 | D:1      | Reached skill level 9 in Maces & Flails
   404 | D:1      | Reached XP level 3. HP: 22/26 MP: 4/4
   934 | D:2      | You fall through a shaft!
  1196 | D:3      | Found a glowing drain.
  1555 | D:2      | Reached XP level 4. HP: 32/32 MP: 5/5
  1953 | D:2      | Found an opulent altar of Gozag.
  1953 | D:2      | Found a sparkling altar of Nemelex Xobeh.
  2786 | D:3      | Reached XP level 5. HP: 38/38 MP: 6/6
  2986 | D:3      | Noticed a water moccasin
  3002 | D:3      | Killed a water moccasin
  3002 | D:3      | Reached XP level 6. HP: 27/44 MP: 8/8
  3457 | D:3      | Found a burning altar of Makhleb.
  3553 | D:4      | Reached skill level 1 in Throwing
  3689 | D:4      | Found Kocuocs' Antique Weapon Emporium.
  4035 | D:3      | Reached XP level 7. HP: 50/50 MP: 9/9
  4086 | D:4      | Noticed raikaria's ghost (average TeHu)
  4091 | D:4      | Killed raikaria's ghost
  4845 | D:4      | Reached XP level 8. HP: 44/56 MP: 10/10
  5013 | D:4      | Found a shadowy altar of Dithmenos.
  5102 | D:4      | Found a snail-covered altar of Cheibriados.
  5437 | D:5      | Entered Level 5 of the Dungeon
  5554 | D:5      | Noticed Blork the orc
  5562 | D:5      | Killed Blork the orc
  5676 | D:5      | Noticed Menkaure
  5686 | D:5      | Killed Menkaure
  5686 | D:5      | Reached skill level 5 in Armour
  5751 | D:5      | Reached skill level 10 in Maces & Flails
  6004 | D:5      | Identified the cursed ring "Wauzeo Vali" {rC++ AC-2}
  6315 | D:6      | Noticed Natasha
  6318 | D:6      | Killed Natasha
  6386 | D:6      | Noticed Natasha
  6404 | D:6      | Killed Natasha
  6478 | D:6      | Noticed Natasha
  6480 | D:6      | Killed Natasha
  6714 | D:6      | Acquired Ashenzari's first power
  7107 | D:7      | Found a staircase to the Ecumenical Temple.
  7109 | D:7      | Noticed Razmath's ghost (experienced DgCj)
  7244 | D:6      | Reached XP level 9. HP: 52/61 MP: 12/12
  7249 | D:6      | Reached skill level 11 in Maces & Flails
  7581 | D:7      | Killed Razmath's ghost
  7591 | Temple   | Entered the Ecumenical Temple
  7830 | D:6      | Reached skill level 12 in Maces & Flails
  8275 | D:7      | Found a white marble altar of Elyvilon.
  8309 | D:7      | Reached XP level 10. HP: 72/72 MP: 13/13
  8651 | D:8      | Reached skill level 5 in Fighting
  8698 | D:8      | Noticed Dowan
  8699 | D:8      | Noticed Duvessa
  8716 | D:8      | Killed Duvessa
  8725 | D:8      | Killed Dowan
  9645 | D:9      | Found a staircase to the Orcish Mines.
  9828 | D:9      | Acquired Ashenzari's second power
 10408 | D:9      | Found a shimmering altar of Xom.
 10413 | D:9      | Found a basalt altar of Yredelemnul.
 10625 | Orc:1    | Entered Level 1 of the Orcish Mines
 10932 | Orc:1    | Found Ahauch's Antique Armour Shop.
 10938 | Orc:1    | Noticed Thomus' ghost (powerful HOFi)
 11359 | Orc:1    | Killed Thomus' ghost
 11359 | Orc:1    | Reached skill level 5 in Throwing
 11359 | Orc:1    | Reached XP level 11. HP: 43/79 MP: 14/14
 11453 | Orc:1    | Bought a glowing plate armour for 483 gold pieces
 11745 | Orc:2    | Found Wather's Quality Used Wands.
 12588 | Orc:3    | Found a staircase to the Elven Halls.
 12702 | Orc:3    | Noticed an orc knight
 12704 | Orc:3    | Noticed an orc knight
 12719 | Orc:3    | Noticed an orc knight
 12726 | Orc:3    | Noticed an orc sorcerer
 12772 | D:10     | Entered Level 10 of the Dungeon
 12888 | D:10     | Identified a scroll of acquirement
 12888 | D:10     | Identified the cursed +1 great mace "Coav" {venom, rN+} (You acquired it on level 10 of the Dungeon)
 12985 | D:10     | Noticed an unseen horror
 12996 | D:10     | Killed an unseen horror
 13222 | D:10     | Acquired Ashenzari's third power
 13646 | D:10     | Reached skill level 13 in Maces & Flails
 14100 | D:11     | Noticed a cyclops
 14133 | D:11     | Killed a cyclops
 14292 | D:11     | Found a staircase to the Lair.
 14315 | D:11     | Noticed a cyclops
 14455 | D:11     | Reached XP level 12. HP: 86/86 MP: 16/16
 14789 | D:11     | Reached skill level 14 in Maces & Flails
 15055 | D:11     | Killed a cyclops
 15140 | Lair:1   | Entered Level 1 of the Lair of Beasts
 16227 | Lair:2   | Found a frozen archway.
 16236 | IceCv    | Entered an ice cave
 16306 | IceCv    | Reached skill level 15 in Maces & Flails
 17646 | Lair:2   | Noticed a six-headed hydra
 17651 | Lair:2   | Reached XP level 13. HP: 89/93 MP: 17/17
 17669 | Lair:2   | Reached skill level 16 in Maces & Flails
 17679 | Lair:2   | Killed a six-headed hydra
 17840 | Lair:2   | Acquired Ashenzari's fourth power
 18103 | Lair:3   | Found a staircase to the Snake Pit.
 18782 | Lair:3   | Noticed Gastronok
 18837 | Lair:3   | Killed Gastronok
 19636 | Lair:4   | Reached skill level 10 in Fighting
 19648 | Lair:4   | Reached skill level 5 in Dodging
 20117 | Lair:4   | Found a staircase to the Shoals.
 20415 | Lair:4   | Reached XP level 14. HP: 108/110 MP: 18/18
 22868 | Lair:6   | Found a glowing golden altar of the Shining One.
 22931 | Lair:6   | Reached skill level 5 in Evocations
 23071 | Lair:6   | Found a viscous altar of Jiyva.
 23080 | Lair:6   | Found a staircase to the Slime Pits.
 24196 | Lair:7   | Reached skill level 10 in Armour
 25413 | Lair:8   | Entered Level 8 of the Lair of Beasts
 25413 | Lair:8   | Found a glowing silver altar of Zin.
 25708 | Lair:8   | Reduced skill Conjurations to level 1
 25794 | Lair:8   | Reached XP level 15. HP: 105/115 MP: 23/23
 26099 | Lair:8   | Reached skill level 10 in Throwing
 27847 | Orc:1    | Bought an embroidered robe for 14 gold pieces
 27847 | Orc:1    | Bought a dyed leather armour for 42 gold pieces
 27847 | Orc:1    | Bought a glowing chain mail for 94 gold pieces
 27847 | Orc:1    | Bought a shiny scale mail for 84 gold pieces
 27885 | Orc:2    | Killed an orc knight
 27910 | Orc:3    | Noticed an orc sorcerer
 27913 | Orc:3    | Killed an orc knight
 27921 | Orc:3    | Killed an orc sorcerer
 27960 | Orc:3    | Noticed an orc knight
 28024 | Orc:3    | Killed an orc knight
 28041 | Orc:3    | Found Blepn's Assorted Antiques.
 28371 | Orc:3    | Noticed an orc knight
 28376 | Orc:3    | Noticed an orc knight
 28377 | Orc:3    | Killed an orc knight
 28385 | Orc:3    | Noticed an orc knight
 28403 | Orc:3    | Killed an orc knight
 28453 | Orc:3    | Killed an orc knight
 28461 | Orc:3    | Bought a small golden ring for 135 gold pieces
 28461 | Orc:3    | Bought a scroll of teleportation for 81 gold pieces
 28472 | Orc:3    | Noticed an orc knight
 28503 | Orc:3    | Killed an orc knight
 28541 | Orc:3    | Killed an orc sorcerer
 28640 | Orc:3    | Killed an orc knight
 28862 | Orc:4    | Entered Level 4 of the Orcish Mines
 29294 | Orc:4    | Found a roughly hewn altar of Beogh.
 29362 | Orc:4    | Found a roughly hewn altar of Beogh.
 29525 | Orc:4    | Found a roughly hewn altar of Beogh.
 29534 | Orc:4    | Found Naobiyjo's Armour Shoppe.
 29713 | Orc:4    | Found a roughly hewn altar of Beogh.
 29745 | Orc:4    | Found a roughly hewn altar of Beogh.
 29785 | Orc:4    | Found a roughly hewn altar of Beogh.
 29803 | Orc:4    | Found Vajianiq's Armour Shoppe.
 29921 | Orc:4    | Reached XP level 16. HP: 121/127 MP: 24/24
 30107 | Orc:4    | Noticed an orc warlord
 30184 | Orc:4    | Killed an orc warlord
 30278 | Orc:4    | Found a roughly hewn altar of Beogh.
 30278 | Orc:4    | Found Musmitros' Antique Weapon Shoppe.
 30280 | Orc:4    | Found Schongyp's Antique Armour Emporium.
 30293 | Orc:4    | Bought a faintly glowing robe for 176 gold pieces
 30293 | Orc:4    | Identified the +1 robe of Theory {rC+ rCorr Slay+2} (You bought it in a shop on level 4 of the Orcish Mines)
 30299 | Orc:4    | Bought a translucent war axe for 229 gold pieces
 30299 | Orc:4    | Identified the +4 war axe of the Final Chapter {flame, rC+ Str+3} (You bought it in a shop on level 4 of the Orcish Mines)
 30458 | Lair:1   | Found a burning altar of Makhleb.
 30600 | D:12     | Found a flickering gateway to a bazaar.
 30617 | Bazaar   | Entered a bazaar
 30617 | Bazaar   | Found Seizxe Fefe's Book Boutique.
 30617 | Bazaar   | Found Psos' Antique Weapon Shop.
 30617 | Bazaar   | Found Zigg's Gadget Shop.
 30617 | Bazaar   | Found Chuyjiu's Assorted Antiques.
 30617 | Bazaar   | Found Horgh's Food Boutique.
 30624 | Bazaar   | Bought a brown potion for 12 gold pieces
 30630 | Bazaar   | Bought a wand of digging (5) for 198 gold pieces
 30636 | Bazaar   | Bought a scroll of teleportation for 42 gold pieces
 30636 | Bazaar   | Bought a potion of curing for 42 gold pieces
 30642 | Bazaar   | Bought a book of the Sky for 650 gold pieces
 30646 | Bazaar   | Bought a scroll of identify for 28 gold pieces
 30646 | Bazaar   | Bought a scroll of identify for 28 gold pieces
 30646 | Bazaar   | Bought a scroll of identify for 28 gold pieces
 30646 | Bazaar   | Bought a scroll of magic mapping for 49 gold pieces
 30646 | Bazaar   | Bought a scroll of magic mapping for 49 gold pieces
 30652 | Bazaar   | Bought a wand of lightning (4) for 88 gold pieces
 31581 | D:12     | Noticed Sonja
 31611 | D:12     | Killed Sonja
 31890 | D:13     | Found a gate to the Vaults.
 32275 | D:13     | Noticed Urug
 32284 | D:13     | Killed Urug
 33062 | D:13     | Identified the cursed +1 plate armour "Cruqen" {+Inv Regen+ Str+3 Dex+3} (You acquired it on level 13 of the Dungeon)
 34573 | D:15     | Entered Level 15 of the Dungeon
 34595 | D:15     | Reached skill level 10 in Dodging
 35584 | D:15     | Reached XP level 17. HP: 129/136 MP: 25/25
 35913 | D:15     | Found an ancient bone altar of Kikubaaqudgha.
 36272 | D:15     | Found a staircase to the Depths.
 36573 | Snake:1  | Entered Level 1 of the Snake Pit
 36573 | Snake:1  | Found a glowing silver altar of Zin.
 38479 | Snake:2  | Noticed Kirke
 38491 | Snake:2  | Killed Kirke
 38708 | Snake:2  | Noticed Vashnia
 38917 | Snake:2  | Killed Vashnia
 40191 | Snake:3  | Reached XP level 18. HP: 146/146 MP: 25/25
 40437 | Snake:4  | Found Chorang's Antique Armour Shop.
 40761 | Snake:4  | Learned a level 1 spell: Animate Skeleton
 40797 | Snake:4  | Found Ulesm's General Store.
 40800 | Snake:4  | Bought a scroll of teleportation for 39 gold pieces
 40800 | Snake:4  | Bought 2 scrolls of remove curse for 78 gold pieces
 40843 | Snake:4  | Reached skill level 1 in Necromancy
 41161 | Snake:4  | Noticed Roxanne
 41385 | Snake:4  | Found Dooliacw's Gadget Boutique.
 41654 | Snake:4  | Identified the +9 rapier of the Hidden Suns {freeze, +Inv rC+ Str-2 Dex+3}
 41704 | Snake:4  | Reached skill level 1 in Spellcasting
 41832 | Lair:3   | Learned a level 3 spell: Regeneration
 42021 | Snake:4  | Found Briazer's Food Shop.
 42582 | Snake:4  | Reached XP level 19. HP: 152/152 MP: 26/26
 42762 | Snake:2  | Reached skill level 1 in Charms
 42788 | Lair:3   | Learned a level 4 spell: Animate Dead
 42792 | Lair:3   | Learned a level 3 spell: Vampiric Draining
 42797 | Lair:3   | Learned a level 4 spell: Control Undead
 43293 | Snake:5  | Entered Level 5 of the Snake Pit
 43337 | Snake:5  | Reached skill level 5 in Spellcasting
 43651 | Snake:5  | Found Reump's Antique Armour Shop.
 43661 | Snake:5  | Bought a pair of glowing gloves for 153 gold pieces
 45180 | Snake:5  | Reached XP level 20. HP: 110/159 MP: 31/31
 45708 | Snake:5  | Got a serpentine rune of Zot
 46061 | Shoals:1 | Entered Level 1 of the Shoals
 47385 | Shoals:2 | Reached skill level 15 in Fighting
 47599 | Shoals:2 | Noticed Nessos
 47604 | Shoals:2 | Identified the amulet "Punaliat" {Faith rF+ Int-5 Dex+4}
 47608 | Shoals:2 | Killed Nessos
 47975 | Shoals:2 | Noticed Saint Roka
 47995 | Shoals:2 | Killed Saint Roka
 48339 | Shoals:3 | Noticed Donald
 48352 | Shoals:3 | Killed Donald
 48531 | Shoals:3 | Noticed Polyphemus
 48551 | Shoals:3 | Reached skill level 10 in Necromancy
 48559 | Shoals:3 | Your ally Donald died
 48670 | Shoals:3 | Killed Polyphemus
 48893 | Shoals:3 | Noticed Mara
 49160 | Vaults:1 | Entered Level 1 of the Vaults
 49407 | Vaults:1 | HP: 2/162 [freezing wraith (13)]
 49407 | Vaults:1 | Demolished by a freezing wraith

Action                   |  1- 3 |  4- 6 |  7- 9 | 10-12 | 13-15 | 16-18 | 19-21 || total
-------------------------+-------+-------+-------+-------+-------+-------+-------++-------
Melee: Club              |    14 |       |       |       |       |       |       ||    14
       Short sword       |     5 |       |       |       |       |       |       ||     5
       Mace              |    38 |       |       |       |       |       |       ||    38
       Flail             |     6 |   120 |   300 |   744 |       |       |       ||  1170
       Great mace        |       |       |       |   311 |  1483 |  1459 |   712 ||  3965
 Fire: Hunting sling     |    10 |    38 |       |       |       |       |       ||    48
Throw: Stone             |       |     8 |    14 |    15 |       |       |       ||    37
       Tomahawk          |       |       |       |    57 |   122 |   120 |    47 ||   346
       Javelin           |       |       |       |    13 |   104 |    74 |    50 ||   241
       Throwing net      |       |       |       |       |       |     1 |     5 ||     6
 Cast: Animate Skeleton  |       |       |       |       |       |       |    44 ||    44
       Animate Dead      |       |       |       |       |       |       |    21 ||    21
Invok: Transfer Knowledg |       |       |       |       |     1 |     1 |       ||     2
 Abil: Evoke Flight      |       |       |       |       |     3 |       |    15 ||    18
Evoke: Wand              |     5 |       |     9 |     5 |       |     3 |     6 ||    28
       Box of beasts     |       |       |       |       |       |       |     7 ||     7
       Lamp of fire      |       |       |       |       |       |       |     2 ||     2
       Phantom mirror    |       |       |       |       |       |       |     1 ||     1
  Use: Scroll            |     5 |     7 |     6 |    18 |     5 |     9 |     7 ||    57
       Potion            |     1 |       |     5 |     5 |       |     8 |     4 ||    23
 Stab: Petrified         |       |       |       |       |     2 |       |       ||     2
       Paralysed         |       |       |       |       |       |     1 |       ||     1
       Distracted        |       |       |       |       |       |       |     9 ||     9
       Held in net/web   |       |       |       |       |       |       |     1 ||     1
       Confused          |       |       |       |       |       |       |     1 ||     1
  Eat: Beef jerky        |     1 |       |     1 |     2 |     3 |     1 |     3 ||    11
       Chunk             |       |     8 |     6 |    28 |    32 |    33 |    23 ||   130
       Pizza             |       |       |     2 |     1 |       |     3 |       ||     6
       Royal jelly       |       |       |     2 |     3 |     4 |       |       ||     9
       Fruit             |       |       |     3 |       |     8 |     8 |     3 ||    22
       Bread ration      |       |       |       |       |       |     3 |     2 ||     5
